Map: Para Site LE

Players

Myppsmall

  • Race: Zerg Zerg
  • Spawn Location: 11:00

Mesrob - Winner!

  • Race: Terran Terran
  • League: Gold
  • Spawn Location: 5:00

VOD

Have the link to the VOD?

Description

Time

  • Played on: Jan. 10, 2019, 8:24 a.m.
  • Length: 19:07
Show
View Real Time Build Order
Export as new Build Order

Myppsmall Zerg 

Build Orders: Pool First, Brood Lord Corruptor 

Get SALT Encoding   

  12  0:08  Overlord  
  12  0:14  Drone  
  13  0:17  Drone  
  14  0:36  Spawning Pool  
  13  0:43  Extractor  
  13  0:44  Drone  
  13  0:45  Drone  
  13  0:49  Drone  
  15  1:23  Zergling x6  
  15  1:24  Queen  
  20  1:36  Drone  
  21  1:45  Overlord  
  21  2:01  Drone  
  22  2:05  Hatchery  
  21  2:10  Metabolic Boost  
  21  2:40  Zergling x10  
  25  2:50  Lair  
  23  2:55  Extractor  
  22  3:05  Drone  
  22  3:06  Drone x2  
  25  3:22  Drone x2  
  25  3:23  Drone x2  
  28  4:07  Zergling x6  
  28  4:08  Zergling x2  
  28  4:09  Drone x3  
  35  4:26  Drone  
  35  4:30  Overlord  
  36  4:40  Spire  
  36  4:45  Drone  
  36  4:48  Queen  
  38  5:04  Drone x3  
  41  5:13  Drone x2  
  43  5:16  Zergling x2  
  44  5:42  Hatchery  
  43  5:50  Drone  
  44  5:58  Overlord  
  44  5:59  Overlord x2  
  44  6:15  Queen  
  44  6:18  Drone x5  
  50  6:19  Drone  
  52  6:26  Mutalisk x3  
  58  6:34  Extractor  
  58  6:36  Extractor  
  56  6:41  Drone x4  
  56  6:43  Mutalisk x3  
  66  6:51  Zerg Flyer Weapons Level 1, Queen  
  68  6:54  Overlord x2  
  68  7:09  Drone x4  
  68  7:11  Queen  
  68  7:13  Drone x2  
  76  7:15  Mutalisk  
  76  7:16  Mutalisk x4  
  76  7:22  Overlord  
  86  7:28  Drone  
  87  7:31  Drone x2  
  89  7:42  Mutalisk x2  
  89  7:43  Mutalisk  
  95  7:48  Drone  
  96  7:52  Mutalisk  
  98  8:04  Overlord  
  98  8:11  Extractor x2  
  96  8:15  Drone  
  96  8:16  Drone  
  98  8:26  Drone x3  
  98  8:27  Drone  
  102  8:39  Queen, Drone  
  105  8:47  Drone  
  91  9:08  Infestation Pit  
  90  9:12  Drone x5  
  95  9:27  Drone  
  96  9:35  Mutalisk  
  96  9:36  Mutalisk x2  
  102  9:45  Hive  
  102  9:53  Drone  
  102  9:54  Mutalisk  
  102  9:55  Overlord x3  
  105  10:00  Hatchery  
  104  10:26  Corruptor x3  
  110  10:41  Corruptor  
  110  10:42  Corruptor  
  114  10:43  Corruptor  
  114  10:45  Corruptor  
  114  10:46  Corruptor x2  
  114  10:47  Corruptor x2  
  114  10:48  Corruptor  
  114  10:49  Corruptor  
  130  10:50  Overlord  
  130  10:51  Overlord  
  130  10:57  Greater Spire  
  130  11:12  Overlord  
  130  11:13  Overlord x2  
  130  11:18  Queen  
  130  11:19  Drone  
  133  11:29  Pneumatized Carapace  
  133  11:46  Drone x2  
  133  11:47  Drone  
  136  12:00  Overseer  
  136  12:01  Overseer  
  136  12:12  Brood Lord x5  
  136  12:13  Brood Lord x2  
  136  12:14  Brood Lord  
  136  12:15  Brood Lord x3  
  158  12:24  Brood Lord  
  160  12:33  Brood Lord  
  162  12:37  Extractor  
  162  12:39  Extractor  
  162  12:41  Drone x3  
  162  12:42  Drone  
  162  12:43  Drone x2  
  166  12:45  Corruptor  
  166  12:46  Corruptor  
  170  12:51  Corruptor  
  172  13:23  Overlord x3  
  172  13:44  Drone x4  
  176  14:06  Neural Parasite  
  176  14:12  Zerg Flyer Weapons Level 2  
  176  14:13  Infestation Pit  
  175  14:17  Drone  
  175  14:18  Drone x2  
  175  14:21  Infestor x3  
  175  14:22  Infestor x3  
  175  14:23  Infestor  
  192  14:28  Burrow  
  192  14:52  Pathogen Glands  
  192  15:34  Overlord x3  
  192  15:56  Infestor  
  192  15:57  Infestor  
  192  16:00  Corruptor  
  192  16:01  Corruptor  
  200  16:04  Infestor x7  
  148  17:34  Infestor x3  
  148  17:35  Infestor x2  
  142  17:47  Brood Lord x2  
  122  18:15  Corruptor  
  122  18:16  Corruptor x4  
Show
View Real Time Build Order
Export as new Build Order

Mesrob Terran - Winner!

Build Orders: Mech 

Get SALT Encoding   

  12  0:00  SCV  
  13  0:12  SCV  
  14  0:18  Supply Depot  
  14  0:25  SCV  
  15  0:39  SCV  
  15  0:41  Barracks  
  16  0:51  SCV  
  17  0:57  Refinery  
  17  1:03  SCV  
  18  1:37  Command Center  
  18  1:40  Orbital Command  
  18  1:42  Marine  
  19  1:51  Bunker  
  19  2:00  Factory  
  19  2:08  Barracks Tech Lab  
  18  2:27  Supply Depot  
  16  2:55  Orbital Command  
  16  3:03  Supply Depot  
  16  3:31  Refinery  
  16  3:33  SCV x2  
  18  3:45  SCV  
  18  3:47  Siege Tank  
  22  3:53  Marine  
  22  4:04  Orbital Command  
  19  4:28  SCV  
  20  4:40  SCV  
  21  4:47  Bunker  
  21  4:58  SCV x2  
  23  5:08  Siege Tank  
  26  5:23  Supply Depot  
  26  5:33  Marine  
  27  5:36  SCV  
  28  5:44  SCV  
  28  5:46  Supply Depot  
  28  5:47  Refinery  
  28  5:49  SCV  
  30  5:56  SCV  
  31  5:57  Engineering Bay  
  31  6:02  SCV, Armory  
  32  6:05  Siege Tank  
  32  6:06  Marine  
  32  6:09  Supply Depot  
  36  6:12  SCV  
  36  6:14  SCV  
  38  6:24  Missile Turret, SCV  
  39  6:26  SCV  
  40  6:35  Missile Turret  
  40  6:37  Missile Turret  
  40  6:42  Missile Turret  
  40  6:49  Siege Tank  
  40  6:51  Marine  
  40  6:54  Missile Turret  
  44  6:59  Factory  
  44  7:04  Factory  
  44  7:05  Terran Vehicle Weapons Level 1  
  44  7:19  Marine  
  44  7:20  Engineering Bay  
  45  7:30  Refinery, SCV x2  
  47  7:44  Thor  
  47  7:47  SCV  
  54  8:11  Sensor Tower  
  54  8:22  Factory Tech Lab  
  54  8:23  Factory Tech Lab  
  54  8:25  Barracks Reactor  
  54  8:31  Missile Turret  
  54  8:34  Missile Turret  
  54  8:41  Missile Turret  
  54  8:52  Missile Turret  
  53  8:56  Missile Turret x2  
  53  9:00  Terran Vehicle And Ship Armor Level 1  
  50  9:23  Missile Turret  
  50  9:25  Thor  
  50  9:30  SCV x2  
  58  9:42  SCV x2  
  58  9:45  Missile Turret  
  60  9:54  SCV  
  61  10:06  Thor  
  67  10:15  Supply Depot, Sensor Tower  
  67  10:18  SCV  
  67  10:19  SCV  
  69  10:36  Thor  
  69  10:38  Supply Depot  
  69  10:39  Marine x2  
  77  10:53  Terran Vehicle Weapons Level 2  
  77  10:59  Thor  
  77  11:02  Command Center  
  83  11:18  Supply Depot  
  83  11:24  Supply Depot  
  83  11:28  SCV x2  
  85  11:38  Missile Turret  
  85  11:39  Thor  
  91  11:40  SCV  
  91  11:41  Supply Depot  
  91  11:45  Thor  
  98  11:57  Missile Turret  
  98  12:04  Supply Depot  
  98  12:18  Missile Turret  
  98  12:20  Refinery  
  98  12:31  Supply Depot, Thor x2  
  110  12:39  Missile Turret  
  110  12:40  Refinery  
  110  12:44  Hellbat  
  110  12:45  Infernal Pre-Igniter  
  112  12:55  Planetary Fortress, Armory  
  112  12:59  SCV  
  112  13:00  Missile Turret  
  112  13:04  SCV  
  114  13:06  Hellbat  
  114  13:09  Terran Vehicle And Ship Armor Level 2  
  114  13:11  SCV  
  117  13:15  Thor  
  117  13:16  Hellbat, SCV  
  126  13:22  Supply Depot  
  126  13:23  SCV  
  127  13:30  SCV  
  128  13:35  SCV  
  129  13:42  SCV  
  129  13:48  SCV  
  131  13:57  Command Center  
  131  14:03  Thor x3  
  149  14:28  Factory  
  149  14:29  Barracks Tech Lab  
  149  14:39  Supply Depot  
  149  15:01  Hellbat x2, Supply Depot  
  153  15:08  Thor  
  153  15:13  Missile Turret  
  159  15:20  SCV x2  
  159  15:21  SCV  
  162  15:22  Thor x2  
  162  15:24  Supply Depot  
  162  15:25  Orbital Command  
  174  15:32  SCV  
  174  15:33  SCV  
  174  15:34  Missile Turret  
  176  15:47  Supply Depot  
  178  15:50  Hellbat x2  
  178  15:51  Thor  
  186  16:05  Hellbat  
  186  16:09  Hellbat  
  190  16:13  Supply Depot  
  190  16:18  Command Center  
  190  16:35  Missile Turret  
  190  16:36  Supply Depot  
  190  16:54  SCV x2  
  190  16:56  Missile Turret, SCV  
  192  17:14  Missile Turret  
  156  17:34  Thor x3  
  156  17:35  Hellbat x2  
  138  17:56  Hellbat x2  
  104  18:16  Thor  
  104  18:17  Thor  
  110  18:26  Planetary Fortress  
Tags
 
League
Gold
Matchup
TvZ
Opening
Pool First
Replay Pack
sc2 replays
Spawn Locations
Cross Positions
Add a new tag
Caveats
  • Supply blocks, unpowered buildings, or Contaminate may cause inaccurate times.
  • Supply counts are checked every 10 seconds.